 Dungeon Crawl Stone Soup version 0.21.1-1-g345015f (webtiles) character file.

65 shakethe the Conjurer (level 3, 0/19 HPs)
             Began as a Deep Elf Conjurer on Feb 27, 2018.
             Slain by a worm (9 damage)
             ... on level 3 of the Dungeon.
             The game lasted 00:03:54 (1827 turns).

shakethe the Conjurer (Deep Elf Conjurer)           Turns: 1827, Time: 00:03:55

Health: 0/19       AC:  5    Str:  5    XL:     3   Next: 94%
Magic:  3/11       EV: 12    Int: 20    God:
Gold:   129        SH:  4    Dex: 15    Spells: 8/11 levels left

rFire    . . .     SeeInvis .   f - +1 whip
rCold    . . .     Gourm    .   q - +0 buckler (curse)
rNeg     . . .     Faith    .   a - +0 robe
rPois    .         Spirit   .   (no helmet)
rElec    .         Reflect  .   (no cloak)
rCorr    .         Harm     .   m - +2 pair of gloves
MR       .....                  (no boots)
Stlth    +++.......             (no amulet)
HPRegen  0.06/turn              d - ring of stealth {Stlth+}
MPRegen  0.12/turn              e - ring of flight {+Fly, !d}

@: no status effects
A: no striking features
a: Evoke Flight


You were on level 3 of the Dungeon.
You were not hungry.

You visited 1 branch of the dungeon, and saw 3 of its levels.

You collected 129 gold pieces.

Inventory:

Hand Weapons
 f - a +1 whip (weapon)
   (You took it off a kobold on level 1 of the Dungeon)
Missiles
 g - 81 stones (quivered)
 l - 10 poisoned needles
Armour
 a - a +0 robe (worn)
 m - a +2 pair of gloves (worn)
   (You found it on level 1 of the Dungeon)
 q - a cursed +0 buckler (worn)
   (You took it off a goblin on level 2 of the Dungeon)
Jewellery
 d - a ring of stealth (left hand) {Stlth+}
   (You found it on level 1 of the Dungeon)
 e - a ring of flight (right hand) {+Fly, !d}
   (You found it on level 1 of the Dungeon)
Scrolls
 o - a scroll of magic mapping {!r}
Potions
 h - a potion of lignification {unknown}
 j - a potion of mutation {unknown}
 k - a potion of heal wounds {unknown}
 p - a potion of flight {unknown}
 r - a potion of curing {unknown}
Books
 b - a book of Conjurations
Comestibles
 c - 7 rations


   Skills:
 - Level 2.4 Dodging
 - Level 2.4 Stealth
 + Level 0.4 Shields
 + Level 4.5 Spellcasting
 + Level 5.2 Conjurations


You had 8 spell levels left.
You knew the following spells:

 Your Spells              Type           Power        Failure   Level  Hunger
a - Magic Dart            Conj           ####         2%          1    None
b - Searing Ray           Conj           ####..       3%          2    #......


Dungeon Overview and Level Annotations

Branches:
Dungeon (3/15)

Altars:
Nemelex Xobeh
Okawaru


Message History

Done exploring.
Done exploring.
Unknown command.
You can't see any susceptible monsters within range! (Use Z to cast anyway.) Unknown command.
Unknown command.
Unknown command.
(D) Dungeon
Where to? (Enter - D:2, ? - help)
There is an open door here.
There is a stone staircase leading down here.
You climb downwards.
There is a stone staircase leading up here.
As you read the scroll labeled HUSTEPT VAHE, it crumbles to dust.
It is a scroll of enchant armour.
Your +1 pair of gloves glows green for a moment.
As you read the scroll labeled NUAM CUETI, it crumbles to dust.
The air around you briefly surges with heat, but it dissipates.
It was a scroll of immolation.
Memorise Searing Ray, consuming 2 spell levels and leaving 7?
You start memorising the spell.
You continue memorising. x2
You finish memorising.
Spell assigned to 'b'.
Unknown command.
Aim: an adder (hasn't noticed you)
The magic dart hits the adder.
You now have 9/10 mp.
Aim: an adder (moderately wounded)
The searing ray hits the adder. (Press . to maintain the ray.)
You now have 7/10 mp.
The searing ray hits the adder.
You kill the adder!
You now have 6/10 mp.
You now have 5/10 mp.
You finish channeling your searing ray.
You now have 4/10 mp.
You start resting.
You are feeling hungry.
You regained 2 mp, and now have 6/10 mp.
A kobold comes into view. It is wielding a club.
The kobold shouts!
You see here an adder corpse.
You butcher the adder corpse.
Things that are here:
a chunk of flesh {@w0@w0}; an adder skeleton Eat a chunk of flesh {@w0@w0}? (ye/n/q)
You eat the chunk of flesh {@w0@w0}.
A hobgoblin comes into view.
Aim: a kobold, wielding a club The searing ray hits the kobold.
You kill the kobold! (Press . to maintain the ray.)
You now have 4/10 mp.
Aim: a hobgoblin The magic dart hits the hobgoblin.
A worm and an orc come into view.
You now have 3/10 mp.
Aim: a hobgoblin The magic dart hits the hobgoblin.
The orc shouts!
Unknown command.
Aim: a hobgoblin (severely wounded)
The magic dart hits the hobgoblin.
You kill the hobgoblin!
The orc moves out of view.
A goblin comes into view.
Okay, then.
You now have 2/11 mp.
Unknown command.
Okay, then.
There is a stone staircase leading up here.
There is a stone staircase leading up here.
Aim: an orc, wielding a short sword and wearing a ring mail The magic dart hits the orc.
You now have 1/11 mp.
Aim: an orc, wielding a short sword and wearing a ring mail (moderately wounded)
The magic dart hits the orc.
You hit the orc but do no damage. The orc closely misses you.
You barely miss the orc. The orc hits you with a short sword.
You take 1 damage, and have 18/19 hp.
You hit the orc but do no damage. The orc hits you with a short sword.
You take 2 damage, and have 16/19 hp.
You closely miss the orc. The orc barely misses you.
You hit the orc but do no damage. The orc hits you but does no damage.
You hit the orc. The orc barely misses you.
You hit the orc.
You kill the orc!
You hit the worm. The worm misses you.
You hit the worm. You hit the worm. The worm barely misses you.
You barely miss the worm. The worm closely misses you.
You hit the worm. You hit the worm. You block the worm's attack.
You hit the worm. You block the worm's attack.
You hit the worm. The worm bites you!
You take 7 damage, and have 9/19 hp.
MASSIVE DAMAGE!!
You hit the worm. You hit the worm. The worm bites you!
You die...

##### #... #
##########.###..#
........@w.÷....#
####..##.#+#.#.+#
.... ..... .).
#####.#######...†
.# .....g ..
...... . .w...
.....


You could see a worm.

Vanquished Creatures
  An adder (D:3)
  A dart slug (D:1)
  A leopard gecko (D:1)
  An orc (D:3)
  2 bats
  3 giant cockroaches
  6 hobgoblins
  2 jackals (D:2)
  10 kobolds
  A quokka (D:2)
  3 frilled lizards (D:1)
  9 goblins
  7 rats
47 creatures vanquished.

Notes
Turn   | Place    | Note
-------+----------+-------------------------------------------
     0 | D:1      | shakethe the Deep Elf Conjurer began the quest for the Orb.
     0 | D:1      | Reached XP level 1. HP: 10/10 MP: 6/6
   312 | D:1      | Reached XP level 2. HP: 15/15 MP: 1/8
   692 | D:1      | Reached skill level 4 in Spellcasting
   895 | D:1      | Reached skill level 5 in Conjurations
   895 | D:1      | Reached XP level 3. HP: 19/19 MP: 5/10
  1478 | D:2      | Found an iron altar of Okawaru.
  1717 | D:2      | Found a sparkling altar of Nemelex Xobeh.
  1778 | D:3      | Learned a level 2 spell: Searing Ray
  1827 | D:3      | Slain by a worm

Skill      XL: |  1  2 |
---------------+-------+-----
Spellcasting   | 4 |  4.5
Conjurations   | 5 |  5.2
Dodging        | |  2.4
Stealth        | |  2.4
Shields        | |  0.4

Action                   || total
-------------------------++-------
Melee: Whip              ||    19
 Cast: Magic Dart        ||    77
       Searing Ray       ||     2
  Use: Scroll            ||     6
  Eat: Chunk             ||     3
Armor: Robe              ||     1
Dodge: Dodged            ||    12
Block: Buckler           ||     2

Vault maps used:
D:1:      minmay_arrival_widening_spiral_narrow, minmay_misc_feat_iff,
          patterned_corridor
D:2:      marbit_many_paths, nemelex_altar_shiori, grunt_decor_fettered,
          minmay_liquid_box, minmay_misc_feat_doors
D:3:      corexii_shack_village, gammafunk_temple_overflow_wave,
          serial_aquarium, aquarium_bridge_island_small, aquarium_window_2,
          aquarium_window_1, aquarium_window_1, aquarium_view_2b,
          aquarium_view_2d, aquarium_balcony_3b, aquarium_pool_four,
          chequers_ecumenical_altar_simple_redux, uniq_sigmund, uniq_ijyb

Table legend:
 A = Turns spent in this place as a percentage of turns spent in the entire game.
 B = Non-inter-level travel turns spent in this place as a percentage of non-inter-level travel turns spent in the entire game.
 C = Inter-level travel turns spent in this place as a percentage of turns spent in this place.
 D = Turns resting spent in this place as a percentage of non-inter-level travel turns spent in this place.
 E = Turns spent auto-exploring this place as a percentage of non-inter-level travel turns spent in this place.
 F = Non-inter-level travel turns spent in this place divided by the number of levels of this place that you've seen.
                   A       B       C       D       E      F
               +-------+-------+-------+-------+-------+----------------------
         Total | 100.0 | 100.0 |   4.7 |   5.5 |  78.1 | 580.7
       Dungeon | 100.0 | 100.0 |   4.7 |   5.5 |  78.1 | 580.7
               +-------+-------+-------+-------+-------+----------------------

Table legend:
 A = Kills in this place as a percentage of kills in entire the game.
 B = Kills by you in this place as a percentage of kills by you in the entire game.
 C = Kills by friends in this place as a percentage of kills by friends in the entire game.
 D = Other kills in this place as a percentage of other kills in the entire game.
 E = Experience gained in this place as a percentage of experience gained in the entire game.
 F = Experience gained in this place divided by the number of levels of this place that you have seen.
                   A       B       C       D       E      F
               +-------+-------+-------+-------+-------+----------------------
         Total | 100.0 | 100.0 |   N/A |   N/A | 100.0 |  31.3
       Dungeon | 100.0 | 100.0 |   N/A |   N/A | 100.0 |  31.3
               +-------+-------+-------+-------+-------+----------------------
